 Dungeon Crawl Stone Soup version 0.32-a0-791-gfc315c9ecd (webtiles) character file.

Game seed: 751958928989965003

1353 BigDaddyOpFi the Trooper (level 8, 0/96 HPs)
             Began as a Coglin Monk on Mar 20, 2024.
             Was a Priest of Beogh.
             Slain by Berold the orc apostle
             ... wielding a +1 halberd of flaming
              (1 damage)
             ... on level 5 of the Dungeon.
             The game lasted 00:09:11 (6256 turns).

BigDaddyOpFi the Trooper (Coglin Monk)              Turns: 6256, Time: 00:09:12

Health: 0/96       AC: 24    Str: 13    XL:     8   Next: 63%
Magic:  10/10      EV:  2    Int: 10    God:    Beogh [***...]
Gold:   197        SH:  0    Dex: 17    Spells: 7/7 levels left

rFire   . . .        a - +1 hand axe {Amaro}
rCold   . . .        b - +5 mace {Mei}
rNeg    . . .        n - melded +0 chain mail
rPois   +            (helmet currently unavailable)
rElec   .            h - melded +0 cloak
rCorr   .            (gloves currently unavailable)
SInv    .            j - melded +0 pair of boots
Will    +....        (no amulet)
Stlth   ++           (no ring)
HPRegen 0.36/turn    (no ring)
MPRegen 0.12/turn    (no gizmo)

%: no passive effects
@: tree-form, enlightened, revved
A: stationary, stasis, torment immunity, boosted hp, off-hand wielding, slow
wielding, warmup strikes, (no jewellery)
a: Invent Gizmo, Renounce Religion, Smiting


You were on level 5 of the Dungeon.
You worshipped Beogh.
Beogh was most pleased with you.
You were a tree.
You visited 1 branch of the dungeon, and saw 5 of its levels.
You also visited: Ossuary.

You collected 197 gold pieces.

Inventory:

Hand Weapons
 a - a +1 hand axe (weapon) {Amaro}
 b - a +5 mace (offhand) {Mei}
 m - a +0 hand axe {Libusa}
Missiles
 c - a throwing net
 o - 4 javelins (quivered)
Armour
 d - an orb of light
 h - a +0 cloak (melded)
 j - a +0 pair of boots (melded)
 n - a +0 chain mail (melded)
Wands
 s - a wand of warping (6)
Scrolls
 i - 3 scrolls of teleportation
 l - a scroll of amnesia
 r - 4 scrolls of identify
Potions
 e - 2 potions of magic
 k - 2 potions of enlightenment
 p - 2 potions of brilliance
 q - a potion of curing


   Skills:
 + Level 5.7 Fighting
 + Level 5.6(5.8) Axes
 + Level 1.2(3.4) Maces & Flails
 + Level 2.5 Armour
 + Level 5.1 Dodging
 * Level 3.6 Invocations


You had 7 spell levels left.
You didn't know any spells.
Your spell library contained the following spells:

 Spells                   Type           Power      Damage    Failure   Level
 Frozen Ramparts          Ice            0%         1d1       75%         3
 Ozocubu's Armour         Ice            0%         N/A       75%         3
 Metabolic Englaciation   Hex/Ice        0%         N/A       100%        5


Dungeon Overview and Level Annotations

Branches:
Dungeon (5/15)            Ossuary (visited)
 Temple: D:4-7

Altars:
Dithmenos
Qazlal

Shops:
D:1 (   D:3 [


Innate Abilities, Weirdness & Mutations

You are a tree.
Your roots penetrate the ground, keeping you stationary.
You cannot be teleported.
You are immune to unholy pain and torment.
Your maximum health is greatly increased.
Your equipment is partially melded.
Your facial features look somewhat orcish.
You can wield a second weapon in your off-hand.
It takes a long time for you to wield or remove held weapons.
Your first few attacks do less damage.
((You cannot equip rings or amulets.))


Message History

Berold burns you.
* * * LOW HITPOINT WARNING * * *
It was a potion of heal wounds.
You feel much better. Berold barely misses you.
You hit Berold but do no damage.
Berold is lightly wounded.
You barely miss Berold with your +1 hand axe.
Berold hits you with a +1 halberd of flaming!
Berold burns you.
You hit Berold but do no damage.
Berold is lightly wounded.
You closely miss Berold with your +1 hand axe.
Berold hits you with a +1 halberd of flaming.
Berold burns you.
Okay, then.
Your roots keep you in place.
Berold hits you with a +1 halberd of flaming!
* * * LOW HITPOINT WARNING * * *
Berold burns you.
* * * LOW HITPOINT WARNING * * *
You closely miss Berold with your +1 hand axe.
Berold is lightly wounded.
You hit Berold with your +5 mace. Berold hits you but does no damage.
You closely miss Berold with your +1 hand axe.
Berold is lightly wounded.
You hit Berold but do no damage. Berold hits you but does no damage.
You hit Berold with your +5 mace.
Berold is lightly wounded.
You hit Berold but do no damage.
Berold hits you with a +1 halberd of flaming!
* * * LOW HITPOINT WARNING * * *
Berold burns you!
* * * LOW HITPOINT WARNING * * *
You closely miss Berold with your +5 mace.
Berold is lightly wounded.
You closely miss Berold with your +1 hand axe.
Berold hits you with a +1 halberd of flaming.
* * * LOW HITPOINT WARNING * * *
Berold burns you.
You die...
Beogh appreciates Berold's killing of a heretic priest.

,,*,,*,,,,,,,,#....#,,#....#,,,,*
,,+,,*,,,,,,,,#.?..#,,#....#,,,,*
,,*,,*,,,,,,,,#....#,,#....#,,<,+
,,*******######....####.#####****
......,,,..........†...##...#* **
......,,,.............##.....***,
......,,,.............#......,**,
......,,,................._..,**,
.....,,,,......o♣.....#.....[,**,
....,,,,,.............##.....**,,
##################.....##...#****
#.o..'.....# #......##### *
'....#.....# #......# *
############ #......# * #
######## *


You could see Berold the orc apostle (divinely empowered).

Vanquished Creatures
  An ice beast (D:5)
  An ogre (D:5)
  2 scorpions
  A burial acolyte (Ossuary)
  6 wights (Ossuary)
  A howler monkey (D:4)
  4 bombardier beetles
  3 hounds
  A jelly (D:4)
  3 gnoll boudas
  2 iguanas
  An orc wizard (D:5)
  8 gnolls
  7 adders
  An adder skeleton (Ossuary)
  3 ribbon worms
  4 dart slugs
  8 orcs
  5 ball pythons
  4 bats
  3 endoplasms
  5 giant cockroaches
  11 goblins
  8 hobgoblins
  9 jackals
  A quokka (D:1)
  A ball python skeleton (Ossuary)
  A frilled lizard (D:3)
  A hobgoblin skeleton (Ossuary)
  9 kobolds
  A kobold skeleton (Ossuary)
  An orc skeleton (Ossuary)
  7 rats
124 creatures vanquished.

Vanquished Creatures (others)
  An orc priest (D:4)
  3 orcs (D:5)
4 creatures vanquished.

Grand Total: 128 creatures vanquished

Notes
Turn   | Place    | Note
-------+----------+-------------------------------------------
     0 | D:1      | BigDaddyOpFi the Coglin Monk began the quest for the Orb.
     0 | D:1      | Reached XP level 1. HP: 18/18 MP: 1/1
   147 | D:1      | Reached XP level 2. HP: 17/24 MP: 2/2
   440 | D:1      | Reached XP level 3. HP: 28/29 MP: 3/3
   543 | D:1      | Found Vysoilua's Antique Weapon Shop.
  1036 | D:2      | Found a faded altar of an unknown god.
  1198 | D:2      | Reached XP level 4. HP: 32/37 MP: 4/4
  1299 | D:3      | Found Nileux's Armour Shoppe.
  1822 | D:3      | Reached XP level 5. HP: 38/42 MP: 5/5
  2702 | D:4      | Reached XP level 6. HP: 33/49 MP: 6/6
  2702 | D:4      | Became a worshipper of Beogh the Shepherd
  2702 | D:4      | Reached * piety under Beogh
  2702 | D:4      | Reached ** piety under Beogh
  3455 | D:4      | Reached skill level 1 in Invocations
  3471 | D:4      | Reached XP level 7. HP: 37/55 MP: 7/7
  3696 | D:4      | Reached skill level 1 in Armour
  3808 | D:4      | Reached skill level 5 in Fighting
  3822 | D:4      | Reached skill level 5 in Axes
  4182 | D:5      | Entered Level 5 of the Dungeon
  4229 | D:5      | Found a sand-covered staircase.
  4230 | D:5      | Found a shadowy altar of Dithmenos.
  4236 | Ossuary  | Entered an ossuary
  4786 | Ossuary  | Reached XP level 8. HP: 7/59 MP: 8/10
  5598 | D:5      | Reached skill level 5 in Dodging
  5827 | D:5      | Reached *** piety under Beogh
  5832 | D:5      | Reached skill level 1 in Maces & Flails
  5910 | D:5      | Noticed Berold
  6225 | D:5      | Found a stormy altar of Qazlal.
  6255 | D:5      | HP: 4/96 [Berold the orc apostle/+1 halberd of flaming (7)]
  6256 | D:5      | HP: 1/96 [Berold the orc apostle/+1 halberd of flaming (3)]
  6256 | D:5      | Slain by Berold the orc apostle

Illustrated notes

Levels and vault maps discovered:
D:1:      giann_wishing_wells, layout_rooms, serial_shops, shop,
          serial_bayou_pond_d, kennysheep_flooded_box,
          nicolae_concentric_dashed_squares_wild, hex_intersection,
          minmay_door_square
D:2:      layout_basic, chequers_ecumenical_altar_lobes
D:3:      layout_basic, serial_shops, shop, serial_glass, glass_columns_c,
          glass_columns_b, minmay_guardbox
D:4:      minmay_bubble_buster, layout_basic
D:5:      layout_gridville, grunt_dithmenos_smoke, lemuel_round_altar,
          enter_ossuary_1, dreamdust_gnoll_farm

Skill      XL: |  1  2  3  4  5  6  7  8 |
---------------+-------------------------+-----
Dodging        | 3 4 5 |  5.1
Fighting       | 4 5 |  5.7
Axes           | 4 5 |  5.6
Invocations    | 1 2 3 |  3.6
Armour         | 1 2 |  2.5
Maces & Flails | 1 |  1.2

Action                     |  1- 3 |  4- 6 |  7- 9 || total
---------------------------+-------+-------+-------++-------
  Melee: Hand axe          |   102 |   271 |   175 ||   548
         Mace              |       |       |    69 ||    69
 Invoke: Convert to Beogh  |       |     1 |       ||     1
    Use: Scroll            |     2 |     5 |     3 ||    10
         Potion            |       |     2 |    13 ||    15
   Stab: Invisible         |       |       |     5 ||     5
 Armour: Robe              |    46 |       |       ||    46
         Chain mail        |       |   107 |   119 ||   226
         Scale mail        |       |     9 |       ||     9
         Skin              |       |       |    18 ||    18
  Dodge: Dodged            |    98 |    55 |    49 ||   202

Table legend: (Time is in decaauts)
 A = Elapsed time spent in this place.
 B = Non-inter-level travel time spent in this place.
 C = Inter-level travel time spent in this place.
 D = Time resting spent in this place.
 E = Time spent auto-exploring this place.
 F = Levels seen in this place.
 G = Mean time per level.
                   A        B        C        D        E       F      G
               +--------+--------+--------+--------+--------+-----+--------+
         Total |   6305 |   5933 |    372 |   1854 |   2768 |   6 | 1050.8 |
       Dungeon |   5005 |   4633 |    372 |    946 |   2705 |   5 | 1001.0 |
       Ossuary |   1300 |   1300 |      0 |    908 |     63 |   1 | 1300.0 |
               +--------+--------+--------+--------+--------+-----+--------+

Top non-repeatable levels by time:
     D:4: 1580 daAuts
 Ossuary: 1300 daAuts
     D:3: 970 daAuts
     D:1: 871 daAuts
     D:5: 795 daAuts
     D:2: 788 daAuts
